 Dungeon Crawl Stone Soup version 0.31.0-11-ge490571c62 (webtiles) character file.

Game seed: 9898069626139215098

9 Gadfly the Trooper (level 2, 21/24 HPs)
             Began as a Demonspawn Monk on Feb 2, 2024.
             Quit the game on level 1 of the Dungeon.
             The game lasted 00:00:26 (257 turns).

Gadfly the Trooper (Demonspawn Monk)                 Turns: 257, Time: 00:00:27

Health: 21/24      AC:  2    Str: 11    XL:     2   Next: 3%
Magic:  2/2        EV: 13    Int: 10    God:
Gold:   34         SH:  0    Dex: 15    Spells: 1/1 levels left

rFire   . .          .
                       - Unarmed
rCold   . . .        c - orb {light}
rNeg    . . .        a - +0 robe
rPois   .            (no helmet)
rElec   .            (no cloak)
rCorr   .            (no gloves)
SInv    .            (no boots)
Will    .....        (no amulet)
Stlth   +            (no ring)
HPRegen 0.24/turn    (no ring)
MPRegen 0.08/turn

%: no passive effects
@: glowing
A: powered by pain 1
a: no special abilities


You were on level 1 of the Dungeon.
You visited 1 branch of the dungeon, and saw 1 of its levels.

You collected 34 gold pieces.

Inventory:

Armour
 a - a +0 robe (worn)
 c - an orb of light (worn)
Jewellery
 i - a ring of willpower
Talismans
 f - a blade talisman
Scrolls
 d - a scroll of identify {unknown}
 e - a scroll of enchant armour {unknown}
 h - a scroll of teleportation {unknown}
Potions
 b - 2 potions of ambrosia
 g - a potion of magic {unknown}


   Skills:
 - Level 3.0 Fighting
 + Level 2.7 Dodging
 * Level 2.8 Unarmed Combat
 * Level 0.7 Evocations
 * Level 0.5 Shapeshifting


You had one spell level left.
You didn't know any spells.
Your spell library was empty.

Dungeon Overview and Level Annotations

Branches:
Dungeon (1/15)

Altars:


Innate Abilities, Weirdness & Mutations

You sometimes gain a little power by taking damage.


Message History

You hit the goblin.
You kill the goblin!
No target in view!
No target in view!
No target in view!
No target in view!
No target in view!
No target in view!
No target in view!
Things that are here:
a +0 club; a goblin corpse You now have 34 gold pieces (gained 9).
A hobgoblin comes into view.
The hobgoblin shouts!
A hobgoblin is nearby!
Found 11 gold pieces.
The hobgoblin barely misses you.
You hit the hobgoblin.
The hobgoblin is heavily wounded.
The hobgoblin hits you.
You hit the hobgoblin.
You kill the hobgoblin!
An endoplasm comes into view.
You see here a hobgoblin corpse.
Found a scroll labelled UMIZOO IDOPP and 3 gold pieces.
You hit the endoplasm.
The endoplasm is lightly wounded.
The endoplasm barely misses you.
You completely miss the endoplasm.
The endoplasm is lightly wounded.
The endoplasm freezes you.
You are frozen.
You hit the endoplasm but do no damage.
The endoplasm is lightly wounded.
The endoplasm hits you.
You hit the endoplasm.
You kill the endoplasm!
You have reached level 2!
Your demonic ancestry asserts itself...
You feel energised by your suffering.
Are you sure you want to abandon this character and quit the game? (Confirm with "yes".)

#. #.......#..##.####...#####..#.
#..#####.###..##............#..#.
#.............##...............#.
#.............##...........#####.
#####.##########.##.#...#.......^
#. #.##.#...#.####### #.
#.##.#...#.# #.... #.
..#####........#.###..#. ..
.......@†###..##........ ..
.####.#.## ........♣♣♣.. ## # #$?
.#......♣# #♣. ##.8.##.###.♣ ♣.
... #.# .♣ ♣. $##. .. .. ♣.♣ ##
.... ..♣♣ .# ♣♣♣ ♣ ♣.


There were no monsters in sight!

Vanquished Creatures
  A ball python (D:1)
  A bat (D:1)
  An endoplasm (D:1)
  A goblin (D:1)
  A hobgoblin (D:1)
  A frilled lizard (D:1)
  2 rats (D:1)
8 creatures vanquished.

Notes
Turn   | Place    | Note
-------+----------+-------------------------------------------
     0 | D:1      | Gadfly the Demonspawn Monk began the quest for the Orb.
     0 | D:1      | Reached XP level 1. HP: 18/18 MP: 1/1
   257 | D:1      | Gained mutation: You sometimes gain a little power by
                  | taking damage. [demonic ancestry]
   257 | D:1      | Reached XP level 2. HP: 21/24 MP: 2/2
   257 | D:1      | Quit the game

Illustrated notes

Levels and vault maps discovered:
D:1:      lemuel_arrival_room, layout_loops_cross, corner_web_ring,
          minmay_stone_trees_medium, minmay_pentomino_s4

Action                     || total
---------------------------++-------
  Melee: Unarmed           ||    19
 Armour: Robe              ||     9
  Dodge: Dodged            ||     8
